 Dungeon Sprint DCSS version 0.28-a0-1235-g7c8fac35f0 (webtiles) character file.

Game seed: 13389435569803368183

2415 mhtbhm the Basher (level 9, -6/101 HPs)
             Began as a Troll Berserker on Dec 24, 2021.
             Was a High Priest of Trog.
             Mangled by a manticore (9 damage)
             ... in the Dungeon (Sprint IX: "|||||||||||||||||||||||||||||").
             The game lasted 00:01:45 (428 turns).

mhtbhm the Basher (Troll Berserker)                  Turns: 428, Time: 00:01:46

Health: -6/101     AC:  4    Str: 34    XL:     9   Next: 23%
Magic:  8/8        EV: 12    Int:  6    God:    Trog [*****.]
Gold:   0          SH:  0    Dex:  9    Spells: 8/8 levels left

rFire   . . .      SeeInvis .   a - +2 dire flail (vorpal)
rCold   . . .      Faith    .   (shield currently unavailable)
rNeg    . . .      Spirit   .   b - +0 animal skin
rPois   .          Reflect  .   (helmet restricted)
rElec   .          Harm     .   (no cloak)
rCorr   .          Rampage  .   (gloves unavailable)
Will    .....      NoTele   +   (boots unavailable)
Stlth   +.........              (no amulet)
HPRegen 1.06/turn               k - +3 ring of strength
MPRegen 0.11/turn               l - +3 ring of intelligence

@: spiked, on berserk cooldown, slowed, very slow
A: large, unfitting armour, claws 3, regeneration 1, shaggy fur 1, tough skin 1
a: Renounce Religion, Berserk, Trog's Hand, Brothers in Arms


You were in the Dungeon.
You worshipped Trog.
Trog was extremely pleased with you.
You visited 1 branch

Inventory:

Hand Weapons
 a - a +2 vorpal dire flail (weapon)
Armour
 b - a +0 animal skin (worn)
Jewellery
 k - a +3 ring of strength (left claw)
 l - a +3 ring of intelligence (right claw)
Wands
 j - a wand of acid (7)
Scrolls
 h - a scroll of blinking
Potions
 c - 3 potions of curing
 e - a potion of haste
 f - 4 potions of magic
 g - a potion of berserk rage


   Skills:
 + Level 10.2 Fighting
 + Level 12.4 Maces & Flails
 + Level 10.5 Dodging
 - Level 0.2 Stealth


You had 8 spell levels left.
You didn't know any spells.
Your spell library was empty.

Dungeon Overview and Level Annotations

Branches:
Dungeon (1/1)

Altars:
Cheibriados
Dithmenos
Elyvilon
Fedhas
Gozag
Hepliaklqana
Kikubaaqudgha
Makhleb
Nemelex Xobeh
Okawaru
Qazlal
Ru
Sif Muna
Trog
Uskayaw
Vehumet
Wu Jian
Xom
Yredelemnul
Zin
The Shining One
Beogh
Jiyva
Lugonu


Innate Abilities, Weirdness & Mutations

You are too large for most types of armour.
You have claws for hands.
Your natural rate of healing is unusually fast.
You are covered in fur. (AC +1)
You have tough skin. (AC +1)


Message History

* * * LOW HITPOINT WARNING * * *
Unknown command.
Unknown command.
You feel much better.
The manticore flicks its tail.
The volley of spikes hits you!
The barbed spikes become lodged in your body.
* * * LOW HITPOINT WARNING * * *
The manticore flicks its tail.
The volley of spikes misses you.
You feel much better.
The manticore flicks its tail.
The volley of spikes hits you.
The barbed spikes become lodged in your body.
* * * LOW HITPOINT WARNING * * *
Unknown command.
Aiming: Corrosive Bolt
Press: ? - help, Shift-Dir - straight line, f/p - manticore
Aim: a manticore (heavily wounded, covered in acid, 83% to hit)
The bolt of acid hits the manticore!
The manticore seems to be corroded for longer.
The manticore is almost dead.
The manticore bites you!
* * * LOW HITPOINT WARNING * * *
The manticore claws you!
* * * LOW HITPOINT WARNING * * *
The manticore claws you!
* * * LOW HITPOINT WARNING * * *
Unknown command.
Unknown command.
You feel better. The manticore bites you.
* * * LOW HITPOINT WARNING * * *
The manticore claws you!
* * * LOW HITPOINT WARNING * * *
The manticore claws you but does no damage.
Unknown command.
You hit the manticore.
The manticore is almost dead.
The manticore misses you. The manticore claws you!
You die... ▓▓▓▓▓▓▓▓▓▓▓▓▓▓▓▓▓▓▓▓▓▓ ).[[[..'......')@H)..+ ▓▓▓▓▓▓▓▓▓▓▓▓▓▓▓▓▓▓▓▓▓▓

You could see a manticore (corroded).

Vanquished Creatures
  A centaur warrior (D)
  A two-headed ogre (D)
  A manticore (D)
  A meliai (D)
  2 shadows (D)
  2 yaks (D)
  2 centaurs (D)
  A howler monkey (D)
  A hound (D)
  An iguana (D)
  A dart slug (D)
  An orc (D)
  An endoplasm (D)
  A giant cockroach (D)
  A goblin (D)
  A quokka (D)
  A bat (D)
  A rat (D)
21 creatures vanquished.

Notes
Turn   | Place    | Note
-------+----------+-------------------------------------------
     0 | D        | mhtbhm the Troll Berserker began the quest for the Orb.
     0 | D        | Reached XP level 1. HP: 22/22 MP: 0/0
     7 | D        | Reached skill level 3 in Maces & Flails
     8 | D        | Reached ** piety under Trog
    63 | D        | Noticed a hound
    63 | D        | Noticed an iguana
    68 | D        | Reached *** piety under Trog
    69 | D        | Reached XP level 2. HP: 31/31 MP: 1/1
    75 | D        | Reached skill level 4 in Maces & Flails
    75 | D        | Reached XP level 3. HP: 39/39 MP: 2/2
    82 | D        | Reached skill level 5 in Maces & Flails
    90 | D        | Found a snail-covered altar of Cheibriados.
    90 | D        | Found a shadowy altar of Dithmenos.
    90 | D        | Found a white marble altar of Elyvilon.
    90 | D        | Found a blossoming altar of Fedhas.
    90 | D        | Found an opulent altar of Gozag.
    91 | D        | Found a hazy altar of Hepliaklqana.
    92 | D        | Found a viscous altar of Jiyva.
    93 | D        | Found an ancient bone altar of Kikubaaqudgha.
    94 | D        | Found a corrupted altar of Lugonu.
    95 | D        | Found a burning altar of Makhleb.
    96 | D        | Found a sparkling altar of Nemelex Xobeh.
    97 | D        | Found an iron altar of Okawaru.
    98 | D        | Found a stormy altar of Qazlal.
    99 | D        | Found a sacrificial altar of Ru.
   100 | D        | Found a shimmering blue altar of Sif Muna.
   101 | D        | Found a bloodstained altar of Trog.
   102 | D        | Found a hide-covered altar of Uskayaw.
   103 | D        | Found a radiant altar of Vehumet.
   104 | D        | Found an ornate altar of the Wu Jian Council.
   105 | D        | Found a shimmering altar of Xom.
   106 | D        | Found a basalt altar of Yredelemnul.
   107 | D        | Found a glowing silver altar of Zin.
   108 | D        | Found a glowing golden altar of the Shining One.
   243 | D        | Noticed a shadow
   243 | D        | Noticed a shadow
   243 | D        | Noticed a yak
   243 | D        | Noticed a centaur
   243 | D        | Noticed a two-headed ogre
   243 | D        | Noticed a yak
   245 | D        | Killed a shadow
   246 | D        | Reached skill level 7 in Maces & Flails
   246 | D        | Reached XP level 4. HP: 52/52 MP: 3/3
   246 | D        | Reached XP level 5. HP: 59/59 MP: 4/4
   251 | D        | Killed a shadow
   251 | D        | Reached **** piety under Trog
   252 | D        | Reached skill level 8 in Maces & Flails
   252 | D        | Reached XP level 6. HP: 71/71 MP: 5/5
   255 | D        | Killed a yak
   256 | D        | Reached XP level 7. HP: 78/78 MP: 6/6
   272 | D        | Killed a two-headed ogre
   273 | D        | Reached skill level 10 in Maces & Flails
   283 | D        | Killed a yak
   284 | D        | Reached XP level 8. HP: 44/91 MP: 7/7
   400 | D        | Noticed a centaur warrior
   400 | D        | Noticed a manticore
   400 | D        | Noticed a meliai
   400 | D        | Noticed a manticore
   408 | D        | Killed a centaur warrior
   408 | D        | Reached ***** piety under Trog
   409 | D        | Reached skill level 11 in Maces & Flails
   414 | D        | Killed a manticore
   415 | D        | Reached skill level 10 in Fighting
   415 | D        | Reached skill level 12 in Maces & Flails
   415 | D        | Reached skill level 10 in Dodging
   415 | D        | Reached XP level 9. HP: 41/101 MP: 8/8
   419 | D        | Killed a meliai
   423 | D        | HP: 5/101 [manticore/volley of spikes (17)]
   427 | D        | HP: 2/101 [manticore (8)]
   428 | D        | Mangled by a manticore

Illustrated notes

Levels and vault maps discovered:
D:        linesprint [early_d, line_temple, items_1, d_10, items_2, lair_1,
          lair_end, items_3, orc_1, orc_end, items_4, d_15, swamp_1, shoals_1,
          snake_1, spider_1, d_20, vaults_1, items_5, swamp_end, shoals_end,
          snake_end, spider_end, vaults_end, d_27, items_6, zot_1, zot_end,
          crypt_end, forest_end, elf_end, slime_end, tomb_end, abyss_end,
          pan_hell_end]

Skill      XL: |  1  2  3  4  5  6  7  8 |
---------------+-------------------------+-----
Maces & Flails | 3 4 7 8 10 12 | 12.4
Fighting       | 3 6 7 8 10 | 10.2
Dodging        | 3 4 6 7 8 10 | 10.5
Stealth        | |  0.2

Action                   |  1- 3 |  4- 6 |  7- 9 || total
-------------------------+-------+-------+-------++-------
Melee: Mace              |    24 |       |       ||    24
       Dire flail        |     1 |     8 |    25 ||    34
Invok: Berserk           |     3 |       |     1 ||     4
Evoke: Wand              |       |       |     3 ||     3
  Use: Potion            |       |       |     6 ||     6
       Scroll            |       |       |     1 ||     1
Armor: Animal skin       |     6 |       |    12 ||    18
Dodge: Dodged            |    14 |     2 |    17 ||    33

Table legend: (Time is in decaauts)
 A = Elapsed time spent in this place.
 B = Non-inter-level travel time spent in this place.
 C = Inter-level travel time spent in this place.
 D = Time resting spent in this place.
 E = Time spent auto-exploring this place.
 F = Levels seen in this place.
 G = Mean time per level.
                   A        B        C        D        E       F      G
               +--------+--------+--------+--------+--------+-----+--------+
         Total |    448 |    448 |      0 |    248 |      3 |   1 |  448.0 |
       Dungeon |    448 |    448 |      0 |    248 |      3 |   1 |  448.0 |
               +--------+--------+--------+--------+--------+-----+--------+

Top non-repeatable levels by time:
       D: 448 daAuts
